 Dungeon Crawl Stone Soup version 0.13-a0-2995-g9a84c3d (webtiles) character file.

203 Misa the Firebug (level 3, 0/27 HPs)
             Began as a Djinni Fire Elementalist on Sept 8, 2013.
             Slain by a goblin
             ... wielding a +0,+0 dagger
              (6 damage)
             ... on Level 3 of the Dungeon.
             The game lasted 00:08:05 (2081 turns).

Misa the Firebug (Djinni Fire Elementalist)         Turns: 2081, Time: 00:08:05

HP   0/27        AC  3     Str  8      XL: 3   Next: 64%
MP   0/0         EV 12     Int 16      God:
Gold 150         SH  0     Dex 13      Spells:  2 memorised,  2 levels left

Res.Fire  : + + +   See Invis. : .   c - +0 whip
Res.Cold  : x . .   Warding    : .   a - +0 robe
Life Prot.: + + +   Conserve   : .   (no shield)
Res.Poison: .       Res.Corr.  : .   (no helmet)
Res.Elec. : .       Clarity    : .   h - +0 cloak
Sust.Abil.: . .     Spirit.Shd : .   (no gloves)
Res.Mut.  : .       Stasis     : .   (boots unavailable)
Res.Rott. : .       Flight     : .   (no amulet)
Saprovore : . . .                    (no ring)
                                     (no ring)

@: mildly poisoned, not resistant to hostile enchantments, unstealthy
A: fire immunity, cold vulnerability, life protection 3
a: no special abilities


You were on level 3 of the Dungeon.
You were not hungry.

You visited 1 branch of the dungeon, and saw 3 of its levels.

You collected 130 gold pieces.

Inventory:

Hand weapons
 c - a +0,+0 whip (weapon)
Missiles
 d - 14 darts (quivered)
 m - a poisoned dart
Armour
 a - a +0 robe (worn)
 h - a +0 cloak (worn)
Scrolls
 f - 4 scrolls of identify {unknown}
 j - a scroll of teleportation {unknown}
 n - a scroll of curse armour {unknown}
 o - a scroll of fog {unknown}
 p - a scroll of curse weapon {unknown}
 q - a scroll of noise {unknown}
Potions
 e - a potion of invisibility {unknown}
 g - 3 potions of curing {unknown}
 i - a potion of porridge {unknown}
 k - a potion of might {unknown}
 l - a potion of speed {unknown}
Books
 b - a book of Flames

   Spells                             Type                      Level
   *Flame Tongue                      Conjuration/Fire             1
   Throw Flame                        Conjuration/Fire             2
   *Conjure Flame                     Conjuration/Fire             3
   Inner Flame                        Hexes/Fire                   3
   Sticky Flame                       Conjuration/Fire             4
   Fireball                           Conjuration/Fire             5


   Skills:
 + Level 1.3 Fighting
 - Level 1.7 Dodging
 - Level 1.5 Stealth
 + Level 2.1 Spellcasting
 + Level 2.0 Conjurations
 + Level 4.7 Fire Magic


You had 2 spell levels left.
You knew the following spells:

 Your Spells              Type           Power        Failure   Level  Hunger
a - Flame Tongue          Conj/Fire      ##...        8%          1    #......
b - Conjure Flame         Conj/Fire      ##......     17%         3    ####...


Dungeon Overview and Level Annotations

Branches:
Dungeon (3/27)

Altars:

Annotations:
D:1 exclusion: door
D:2 Crazy Yiuf


Innate Abilities, Weirdness & Mutations

You are immune to all types of fire, even holy and hellish.
You are vulnerable to cold.
You need no food.
You have no legs.
You are immune to negative energy.


Message History

The helpless bat fails to defend itself.
You hit the bat.
The bat is moderately wounded.
The bat hits you but does no damage. The bat hits you but does no damage.
The bat misses you.
There is a stone staircase leading up here.
You hit the bat.
You kill the bat!
The goblin hits you with a dagger. The adder closely misses you.
You miss the adder. The adder bites you. The goblin hits you with a dagger.
You closely miss the adder. The adder bites you.
You are poisoned.
The adder poisons you! The goblin hits you with a dagger. The adder bites you.
You barely miss the adder. The goblin hits you with a dagger.
The adder bites you.
* * * LOW HITPOINT WARNING * * *
You closely miss the adder. The adder bites you.
* * * LOW HITPOINT WARNING * * *
The goblin hits you with a dagger.
You die...

####### #.....#
####@%...#
#...gS...#
..................
........######...
##......# ..
#......# ##...##
##.. ##.


You could see an adder and a goblin.

Vanquished Creatures
  A gnoll (D:1)
  An adder (D:2)
  A giant gecko (D:1)
  A giant cockroach (D:2)
  6 hobgoblins
  3 jackals (D:2)
  4 kobolds
  7 bats
  3 giant newts
  3 goblins
  2 rats (D:1)
  A fungus (D:2)
33 creatures vanquished.

Notes
Turn   | Place    | Note
--------------------------------------------------------------
     0 | D:1      | Misa, the Djinni Fire Elementalist, began the quest for the Orb.
     0 | D:1      | Reached XP level 1. HP: 14/14 MP: 0/0
   317 | D:1      | Reached XP level 2. EP: 6/21
   512 | D:1      | HP: 1/21 [gnoll (7)]
   513 | D:1      | Reached skill level 1 in Fighting
   967 | D:1      | Reached XP level 3. EP: 23/27
   973 | D:1      | Learned a level 3 spell: Conjure Flame
  1892 | D:2      | Noticed Crazy Yiuf
  2081 | D:3      | Slain by a goblin

Action                   || total
-------------------------++-------
Melee: Whip              ||   197
 Cast: Flame Tongue      ||     9
       Conjure Flame     ||     2
 Stab: Sleeping          ||     2
